 Dungeon Crawl Stone Soup version 0.18.1-5-g4a78601 (webtiles) character file.

111 oplop the Insei (level 4, -3/30 HPs)
             Began as an Octopode Transmuter on May 9, 2016.
             Slain by a water moccasin (10 damage)
             ... on level 3 of the Dungeon.
             The game lasted 00:03:21 (1826 turns).

oplop the Insei (Octopode Transmuter)               Turns: 1826, Time: 00:03:21

Health: -3/30      AC:  1    Str:  9    XL:     4   Next: 92%
Magic:  7/7        EV: 12    Int: 16    God:
Gold:   75         SH:  0    Dex: 12    Spells: 2 memorised, 4 levels left

rFire  . . .     SeeInvis .       - Unarmed
rCold  . . .     Gourm    .     (no shield)
rNeg   . . .     Faith    .     (helmet restricted)
rPois  .         Spirit   .     (no amulet)
rElec  .         Dismiss  .     (no ring)
rCorr  .         Reflect  .     (no ring)
SustAt .         Harm     .     (no ring)
MR     .....                    (no ring)
Stlth  ++........               (no ring)
                                (no ring)
                                (no ring)
                                (no ring)

@: lethally poisoned (-3 -> -12), appendage (expiring), not resistant to hostile
enchantments, unstealthy
A: almost no armour, amphibious, 8 rings, constrict 8, tentacle spike 3,
camouflage 1, gelatinous body 1
a: End Transformation


You were on level 3 of the Dungeon.
You were not hungry.
One of your tentacles had a temporary spike.
You visited 1 branch of the dungeon, and saw 3 of its levels.

You collected 75 gold pieces.

Inventory:

Missiles
 a - 11 arrows
Armour
 l - a +0 buckler
Jewellery
 k - a cursed -2 ring of evasion {unknown}
Wands
 n - a wand of disintegration (10/24)
Scrolls
 d - a scroll of noise {unknown}
 g - a scroll of identify {unknown}
 o - a scroll of remove curse {unknown}
Potions
 e - 3 potions of agility {unknown}
 f - 2 potions of invisibility {unknown}
 i - a potion of lignification {unknown}
 j - a potion of degeneration {unknown}
 m - a potion of brilliance {unknown}
Books
 b - a book of Changes

   Spells                             Type                      Level
   a - Beastly Appendage              Transmutation                1
   b - Sticks to Snakes               Transmutation                2
   c - Spider Form                    Transmutation/Poison         3
   d - Ice Form                       Ice/Transmutation            4
   e - Blade Hands                    Transmutation                5
Comestibles
 c - 3 bread rations
 h - a slice of pizza
 p - a meat ration


   Skills:
 + Level 2.4 Fighting
 + Level 2.4 Dodging
 + Level 3.4 Unarmed Combat
 + Level 2.3 Spellcasting
 * Level 3.3 Transmutations


You had 4 spell levels left.
You knew the following spells:

 Your Spells              Type           Power        Failure   Level  Hunger
a - Beastly Appendage     Trmt           ##....       8%          1    #......
b - Sticks to Snakes      Trmt           ##......     10%         2    ###....


Dungeon Overview and Level Annotations

Branches:
Dungeon (3/15)

Altars:

Annotations:
D:2 Sigmund


Innate Abilities, Weirdness & Mutations

You cannot wear most types of armour.
You are amphibious.
You can wear up to eight rings at the same time.
You can use your tentacles to constrict eight enemies at once.
Your skin changes colour to match your surroundings (Stealth).
Your rubbery body absorbs attacks (AC +1).
One of your tentacles bears a large vicious spike.


Message History

You tentacle-slap the water moccasin but do no damage.
The water moccasin is heavily wounded.
You constrict the water moccasin. The kobold closely misses you.
The water moccasin misses you.
The orc wizard miscasts a cantrip.
Unknown command.
You tentacle-slap the water moccasin.
The water moccasin is severely wounded.
You constrict the water moccasin. The water moccasin bites you.
You are poisoned.
The water moccasin poisons you! The kobold hits you with a dagger.
The orc wizard mumbles some strange words.
The orc wizard seems to speed up.
You tentacle-slap the water moccasin but do no damage.
You pierce the water moccasin, but do no damage.
The water moccasin is severely wounded.
You constrict the water moccasin.
You feel sick. The water moccasin bites you.
* * * LOW HITPOINT WARNING * * *
The kobold hits you but does no damage. The water moccasin bites you!
You die...

#..## .## #..# ##..
#######..# #$..
#....##..# #..#
#....##..# #..##
#....##..# #...# #
#.......## #...#..#
#.......#######o†o..#
#.....#......@Soo.###
#....##.....K##.......
#....##...........####
#....##..(...######
#....######### ######


You could see a water moccasin, 2 orc wizards, 2 orcs and a kobold.

Vanquished Creatures
  Ijyb (D:2)
  A gnoll (D:1)
  3 adders (D:2)
  2 worms (D:2)
  2 dart slugs
  A giant gecko (D:3)
  2 ball pythons (D:1)
  A giant cockroach (D:2)
  4 goblins
  6 hobgoblins
  6 kobolds
  A quokka (D:2)
  4 bats
  3 giant newts
  5 rats
42 creatures vanquished.

Notes
Turn   | Place    | Note
--------------------------------------------------------------
     0 | D:1      | oplop the Octopode Transmuter began the quest for the Orb.
     0 | D:1      | Reached XP level 1. HP: 13/13 MP: 3/3
    82 | D:1      | Reached XP level 2. HP: 15/18 MP: 3/5
   546 | D:1      | Reached XP level 3. HP: 12/24 MP: 4/6
   994 | D:2      | Learned a level 2 spell: Sticks to Snakes
  1190 | D:2      | Reached XP level 4. HP: 23/29 MP: 5/7
  1294 | D:2      | Noticed Ijyb
  1312 | D:2      | Killed Ijyb
  1512 | D:2      | Noticed Sigmund
  1812 | D:3      | Noticed a water moccasin
  1826 | D:3      | Slain by a water moccasin

Skill      XL: |  1  2  3 |
---------------+----------+-----
Fighting       | 2 |  2.4
Transmutations | 3 |  3.3
Dodging        | |  2.4
Unarmed Combat | |  3.4
Spellcasting   | |  2.3

Action                   |  1- 3 |  4- 6 || total
-------------------------+-------+-------++-------
Melee: Unarmed           |    62 |    40 ||   102
       Constrict         |    17 |     7 ||    24
       Tentacles         |     9 |     5 ||    14
       Kick              |    14 |    10 ||    24
       Punch             |     2 |     2 ||     4
 Cast: Beastly Appendage |    20 |     9 ||    29
       Sticks to Snakes  |     1 |       ||     1
 Stab: Sleeping          |     5 |     3 ||     8
  Eat: Chunk             |     1 |     2 ||     3
Armor: Skin              |     1 |     1 ||     2
Dodge: Dodged            |    28 |    23 ||    51
